 Dungeon Crawl Stone Soup version 0.22.0-78-g6c94d2c (webtiles) character file.

3451 MalarOregon the Cleaver (level 10, -4/90 HPs)
             Began as a Hill Orc Fighter on Sept 16, 2018.
             Was a Follower of Okawaru.
             Splashed by a jelly's acid (5 damage)
             ... on level 8 of the Dungeon.
             The game lasted 00:11:30 (8571 turns).

MalarOregon the Cleaver (Hill Orc Fighter)          Turns: 8571, Time: 00:11:31

Health: -4/90      AC:  8    Str: 20    XL:     10   Next: 6%
Magic:  13/13      EV: 10    Int: 11    God:    Okawaru [*.....]
Gold:   345        SH: 12    Dex: 16    Spells: 9/9 levels left

rFire    + + .     SeeInvis .   a - +1 war axe
rCold    + . .     Gourm    .   c - +1 shield
rNeg     . . .     Faith    .   b - +0 scale mail
rPois    +         Spirit   .   (no helmet)
rElec    +         Reflect  .   (no cloak)
rCorr    +         Harm     .   (no gloves)
MR       .....                  (no boots)
Stlth    ..........             h - amulet of rage
HPRegen  0.25/turn              e - +6 ring of dexterity
MPRegen  0.13/turn              o - ring of protection from fire

@: resistant
A: blink, high mp 1
a: Blink, Heroism, Renounce Religion, Evoke Berserk Rage


You were on level 8 of the Dungeon.
You worshipped Okawaru.
Okawaru was aware of your devotion.
You were not hungry.

You visited 2 branches of the dungeon, and saw 9 of its levels.
You also visited: Ossuary.

You collected 345 gold pieces.

Inventory:

Hand Weapons
 a - a +1 war axe (weapon)
Armour
 b - a +0 scale mail (worn)
 c - a +1 shield (worn)
Jewellery
 e - a +6 ring of dexterity (left hand)
 h - an amulet of rage (around neck)
 o - a ring of protection from fire (right hand)
 v - a cursed -6 ring of slaying {unknown}
 B - an uncursed ring of see invisible
Wands
 n - a wand of polymorph (4)
 y - a wand of digging (22)
Scrolls
 d - a scroll of blinking
 g - 4 scrolls of enchant weapon
 k - 2 scrolls of fog {unknown}
 l - 6 scrolls of teleportation
 p - a scroll of fear
 q - 6 scrolls of identify
 u - 3 scrolls of remove curse
Potions
 i - 2 potions of haste {unknown}
 j - 2 potions of degeneration {unknown}
 m - 3 potions of curing
 r - 3 potions of mutation
 s - a potion of lignification {unknown}
 t - 3 potions of heal wounds {unknown}
 w - a potion of cancellation {unknown}
 x - a potion of flight
 z - a potion of invisibility {unknown}
 D - a potion of agility {unknown}
Comestibles
 f - 7 rations


   Skills:
 * Level 8.7 Fighting
 * Level 8.8 Axes
 * Level 7.9 Armour
 + Level 3.5 Dodging
 * Level 7.9 Shields
 * Level 2.7 Invocations


You had 9 spell levels left.
You didn't know any spells.
Your spell library contained the following spells:

 Spells                   Type           Power        Failure   Level  Hunger
 Flame Tongue             Conj/Fire      #....        92%         1    ##.....
 Magic Dart               Conj           #...         92%         1    ##.....
 Summon Small Mammal      Summ           #...         92%         1    ##.....
 Call Imp                 Summ           #.......     98%         2    ###....
 Searing Ray              Conj           #.....       98%         2    ###....
 Throw Flame              Conj/Fire      #.....       98%         2    ###....
 Call Canine Familiar     Summ           #.......     100%        3    ####...
 Conjure Flame            Conj/Fire      #.......     100%        3    ####...
 Dazzling Spray           Conj/Hex       #.....       100%        3    ####...
 Inner Flame              Hex/Fire       #.......     100%        3    ####...
 Summon Guardian Golem    Hex/Summ       #.......     100%        3    ####...
 Force Lance              Conj/Tloc      #.......     100%        4    #####..
 Fulminant Prism          Conj/Hex       #.........   100%        4    #####..
 Iskenderun's Mystic Bla  Conj           #.......     100%        4    #####..
 Sticky Flame             Conj/Fire      #.......     100%        4    #####..
 Summon Ice Beast         Ice/Summ       #.......     100%        4    #####..
 Summon Lightning Spire   Summ/Air       #.......     100%        4    #####..
 Fireball                 Conj/Fire      #.........   100%        5    ######.


Dungeon Overview and Level Annotations

Branches:
Dungeon (8/15)             Temple (1/1) D:6
   Lair: D:8-11

Altars:
Ashenzari
Cheibriados
Dithmenos
Elyvilon
Fedhas
Gozag
Hepliaklqana
Kikubaaqudgha
Makhleb
Nemelex Xobeh
Okawaru
Qazlal
Ru
Sif Muna
Trog
Uskayaw
Vehumet
Wu Jian
Xom
Yredelemnul
Zin
The Shining One


Innate Abilities, Weirdness & Mutations

You can translocate small distances at will.
You have an increased reservoir of magic. (+10% MP)


Message History

* * * LOW HITPOINT WARNING * * *
You barely miss the orc warrior.
The orc warrior is almost dead.
The orc warrior hits you with a halberd.
* * * LOW HITPOINT WARNING * * *
You completely miss the orc warrior.
The orc warrior is almost dead.
The orc warrior hits you with a halberd!!
* * * LOW HITPOINT WARNING * * *
You hit the orc warrior but do no damage.
The orc warrior is almost dead.
You hit the jelly.
Your hands burn!
* * * LOW HITPOINT WARNING * * *
You block the jelly's attack. The orc warrior barely misses you.
It was a potion of resistance.
You feel protected. The jelly hits you.
* * * LOW HITPOINT WARNING * * *
You are splashed with acid!
The acid burns!
You resist.
You die...

#...# #...#....# .
#...#....# .. #...+....+
.. #..
#...#....#########...
#...##...#........<.......
.........#..........o.[...
........<#o...............
.........@................
######+###J.(.............
..........#####+####
..........# ..........#
..........# ..........#
..# ..####'### ...#
#......# ...#


You could see an orc warrior and a jelly.

Vanquished Creatures
  2 hippogriffs
  Menkaure (D:7)
  An orc warrior (D:6)
  An ogre (D:6)
  2 phantoms
  A centaur (D:5)
  4 bullfrogs
  10 scorpions
  A water moccasin zombie (D:5)
  2 howler monkeys
  3 wights (D:7)
  3 crimson imps
  2 centaur zombies (Ossuary)
  A quasit (D:3)
  4 human zombies (Ossuary)
  11 orc wizards
  6 orc priests
  A centaur skeleton (D:7)
  5 hounds
  A jelly (D:6)
  3 iguanas (D:6)
  Natasha (thrice) (D:2)
  4 worker ants
  2 big kobold zombies (Ossuary)
  A hound skeleton (D:4)
  4 mummies
  5 adders
  4 scorpion zombies (Ossuary)
  A shadow imp (D:6)
  An ooze (D:5)
  An adder zombie (D:6)
  2 worms
  A dart slug (D:1)
  3 leopard geckos
  22 orcs
  4 ball pythons
  6 giant cockroaches
  3 goblins
  9 hobgoblins
  15 jackals
  13 kobolds
  9 quokkas
  7 bats
  5 frilled lizards
  2 gnoll zombies (Ossuary)
  2 goblin zombies
  2 hobgoblin zombies
  A kobold zombie (Ossuary)
  A leopard gecko skeleton (D:4)
  3 orc zombies (Ossuary)
  2 rats
203 creatures vanquished.

Vanquished Creatures (others)
  An adder (D:2)
  A goblin (D:2)
2 creatures vanquished.

Grand Total: 205 creatures vanquished

Notes
Turn   | Place    | Note
-------+----------+-------------------------------------------
     0 | D:1      | MalarOregon the Hill Orc Fighter began the quest for the
                  | Orb.
     0 | D:1      | Reached XP level 1. HP: 19/19 MP: 1/1
   304 | D:1      | Reached XP level 2. HP: 27/27 MP: 2/2
   847 | D:2      | Reached XP level 3. HP: 33/33 MP: 3/3
   860 | D:2      | Noticed Natasha
   870 | D:2      | Gained mutation: You occasionally shout uncontrollably at
                  | your foes. [potion of mutation]
   870 | D:2      | Gained mutation: You tend to lose your temper in combat.
                  | [potion of mutation]
   870 | D:2      | Gained mutation: You are clumsy. (Dex -2) [potion of
                  | mutation]
   870 | D:2      | Lost mutation: You tend to lose your temper in combat.
                  | [potion of mutation]
   889 | D:2      | Killed Natasha
   889 | D:2      | Reached XP level 4. HP: 4/40 MP: 4/4
  1010 | D:2      | Noticed Natasha
  1015 | D:2      | Killed Natasha
  1038 | D:2      | Noticed Natasha
  1041 | D:2      | Killed Natasha
  1041 | D:2      | Reached skill level 1 in Dodging
  1161 | D:2      | Lost mutation: You are clumsy. (Dex -2) [potion of
                  | mutation]
  1161 | D:2      | Lost mutation: You occasionally shout uncontrollably at
                  | your foes. [potion of mutation]
  1161 | D:2      | Gained mutation: You have an increased reservoir of magic.
                  | (+10% MP) [potion of mutation]
  1161 | D:2      | Gained mutation: You can translocate small distances at
                  | will. [potion of mutation]
  1305 | D:2      | Reached XP level 5. HP: 47/47 MP: 5/5
  1424 | D:2      | Found a stormy altar of Qazlal.
  1424 | D:2      | Found a snail-covered altar of Cheibriados.
  1489 | D:2      | Found a radiant altar of Vehumet.
  1904 | D:3      | Found a blossoming altar of Fedhas.
  2058 | D:3      | Reached XP level 6. HP: 54/55 MP: 6/6
  2131 | D:3      | Reached skill level 5 in Fighting
  3035 | D:4      | Reached XP level 7. HP: 22/61 MP: 7/7
  3393 | D:4      | Noticed a hippogriff
  3405 | D:4      | Reached skill level 5 in Axes
  3405 | D:4      | Reached skill level 5 in Armour
  3406 | D:4      | Killed a hippogriff
  3406 | D:4      | Reached skill level 5 in Shields
  4044 | D:5      | Entered Level 5 of the Dungeon
  4050 | D:5      | You fall through a shaft for 3 floors!
  4116 | D:7      | Reached XP level 8. HP: 27/70 MP: 8/8
  4496 | D:5      | Found a sand-covered staircase.
  4521 | Ossuary  | Entered an ossuary
  5273 | Ossuary  | Reached XP level 9. HP: 21/79 MP: 9/9
  7111 | D:6      | Found a glowing golden altar of the Shining One.
  7309 | D:6      | Found a staircase to the Ecumenical Temple.
  7465 | Temple   | Entered the Ecumenical Temple
  7608 | Temple   | Became a worshipper of Warmaster Okawaru
  7683 | D:7      | Noticed Menkaure
  7694 | D:7      | Killed Menkaure
  7694 | D:7      | Reached skill level 1 in Invocations
  8124 | D:7      | Found an ornate altar of the Wu Jian Council.
  8259 | D:7      | Reached XP level 10. HP: 83/90 MP: 13/13
  8279 | D:7      | Reached * piety under Okawaru
  8570 | D:8      | HP: 2/90 [acid (4)]
  8571 | D:8      | Splashed by a jelly's acid

Skill      XL: |  1  2  3  4  5  6  7  8  9 |
---------------+----------------------------+-----
Axes           | 3 4 5 7 8 |  8.8
Fighting       | 4 5 6 7 8 |  8.7
Armour         | 4 5 6 7 |  7.9
Dodging        | 1 2 3 |  3.5
Shields        | 4 5 6 7 |  7.9
Invocations    | 2 |  2.7

Action                   |  1- 3 |  4- 6 |  7- 9 | 10-12 || total
-------------------------+-------+-------+-------+-------++-------
Melee: War axe           |    87 |   187 |   410 |    27 ||   711
  Use: Potion            |     3 |     2 |     2 |     1 ||     8
       Scroll            |       |     2 |     8 |       ||    10
  Eat: Chunk             |       |     7 |    14 |     1 ||    22
       Ration            |       |       |     1 |       ||     1
Armor: Scale mail        |    43 |    88 |   137 |     1 ||   269
Dodge: Dodged            |    30 |    66 |   139 |     5 ||   240
Block: Shield            |    52 |    92 |   238 |    10 ||   392
